 Dungeon Crawl Stone Soup version 0.29-a0-1047-g7c58e119a4 (webtiles) character file.

Game seed: 3661768165800925580

127 jlumianski the Chopper (level 4, -2/34 HPs)
             Began as a Demonspawn Gladiator on Aug 16, 2022.
             Killed by nerve-wracking pain
             ... invoked by Grinder
              (8 damage)
             ... while paralysed by Grinder
             ... on level 3 of the Dungeon on Aug 17, 2022.
             The game lasted 00:09:48 (2710 turns).

jlumianski the Chopper (Demonspawn Gladiator)       Turns: 2710, Time: 00:09:49

Health: -2/34      AC: 13    Str: 16    XL:     4   Next: 85%
Magic:  4/4        EV:  2    Int: 10    God:
Gold:   169        SH:  0    Dex: 20    Spells: 3/3 levels left

rFire   . . .      SeeInvis .   a - +0 war axe
rCold   . . .      Faith    .   (no shield)
rNeg    . . .      Spirit   .   i - +0 scale mail
rPois   .          Reflect  .   c - +0 helmet
rElec   .          Harm     .   (no cloak)
rCorr   .          Rampage  .   (no gloves)
Will    .....                   (no boots)
Stlth   +.........              (no amulet)
HPRegen 0.11/turn               n - +6 ring of dexterity
MPRegen 0.09/turn               (no ring)

@: paralysed, sanguine armoured
A: sanguine armour 1, condensation shield
a: no special abilities


You were on level 3 of the Dungeon.
You visited 1 branch of the dungeon, and saw 4 of its levels.

You collected 169 gold pieces.

Inventory:

Hand Weapons
 a - a +0 war axe (weapon)
Missiles
 d - 3 throwing nets
 e - a javelin
 j - 4 poisoned darts (quivered)
 v - 10 stones
Armour
 b - a +0 leather armour
 c - a +0 helmet (worn)
 i - a +0 scale mail (worn)
Jewellery
 n - a +6 ring of dexterity (left hand)
Wands
 w - a wand of flame (25)
Scrolls
 g - a scroll of fear
 h - a scroll of vulnerability {unknown}
 m - a scroll of immolation
 o - a scroll of torment {unknown}
 q - a scroll of blinking {unknown}
 s - a scroll of noise {unknown}
 t - a scroll of teleportation {unknown}
 u - a scroll of acquirement {unknown}
Potions
 f - a potion of mutation
 k - a potion of attraction
 l - a potion of flight
 p - a potion of might
 r - a potion of degeneration


   Skills:
 + Level 2.3 Fighting
 + Level 4.1 Axes
 + Level 1.7 Throwing
 + Level 1.3 Armour
 + Level 3.2 Dodging
 + Level 0.7 Stealth


You had 3 spell levels left.
You didn't know any spells.
Your spell library was empty.

Dungeon Overview and Level Annotations

Branches:
Dungeon (4/15)
 Temple: D:4-7

Altars:

Shops:
D:1 (   D:2 (

Annotations:
D:3 Grinder


Innate Abilities, Weirdness & Mutations

When seriously injured, your blood forms armour. (AC +6)
A meltable shield of frost defends you. (SH +4)


Message History

Your life force feels restored.
Your Axes skill increases to level 4!
Your Armour skill increases to level 1!
There is a stone staircase leading down here.
HP restored.
Found a stone staircase leading up.
Found 5 stones.
Found a leather armour.
There is a stone staircase leading up here.
You see here 5 stones.
v - 5 stones You see here a +0 leather armour.
w - a wand of flame (25)
You see here a +0 leather armour.
There is a stone staircase leading up here.
v - 10 stones (gained 5) Grinder comes into view.
Grinder blinks!
You hit Grinder.
Grinder is lightly wounded.
Grinder hits you.
You writhe in agony.
You barely miss Grinder.
Grinder is lightly wounded.
Grinder barely misses you.
You hit Grinder.
Grinder is moderately wounded.
Grinder gestures at you. Pain shoots through your body!
Your blood congeals into armour.
You closely miss Grinder.
Grinder is lightly wounded.
Grinder gestures at you.
You suddenly lose the ability to move!
Grinder hits you but does no damage. Grinder hits you.
You writhe in agony.
* * * LOW HITPOINT WARNING * * *
Grinder hits you.
* * * LOW HITPOINT WARNING * * *
You writhe in agony.
* * * LOW HITPOINT WARNING * * *
Grinder gestures at you. Pain shoots through your body!
You die...

#.....##.#.....### #.
#.....##.#.......###.#
...........>......######
......###..............#
......# #.........###..#
.^....# ##.....#......#
......#
##......####........
.###### ##....###
###...... ....###
#..##.5@# ...... ###...#
#.#####.###### .....
#####.####.# #.#....#
..... ..##...††..#
###.#.[..# ....
#.##..###### #.#.<....#
.... ...........#
#........# ###..#####.#
#####....# ##.# ######
#.#


You could see Grinder.

Vanquished Creatures
  A necrophage (D:3)
  An adder (D:2)
  3 worms (D:2)
  4 ball pythons
  2 bats
  7 endoplasms
  6 giant cockroaches
  3 goblins (D:1)
  4 hobgoblins
  3 jackals (D:1)
  3 kobolds
  3 frilled lizards (D:2)
  9 rats
49 creatures vanquished.

Notes
Turn   | Place    | Note
-------+----------+-------------------------------------------
     0 | D:1      | jlumianski the Demonspawn Gladiator began the quest for the
                  | Orb.
     0 | D:1      | Reached XP level 1. HP: 16/16 MP: 1/1
     1 | D:1      | Found a runed translucent door.
   136 | D:1      | Found a faded altar of an unknown god.
   214 | D:1      | Upgraded the game from 0.29-a0-1043-g569b05d6ff to
                  | 0.29-a0-1047-g7c58e119a4
   446 | D:1      | Reached skill level 3 in Axes
   446 | D:1      | Gained mutation: When seriously injured, your blood forms
                  | armour. (AC +6) [demonic ancestry]
   446 | D:1      | Reached XP level 2. HP: 19/22 MP: 2/2
   822 | D:1      | Found Xesib's Weapon Shoppe.
  1082 | D:1      | Reached XP level 3. HP: 18/27 MP: 3/3
  1466 | D:2      | Found Azxaxzez's Antique Weapon Emporium.
  2446 | D:3      | Gained mutation: A meltable shield of frost defends you.
                  | (SH +4) [demonic ancestry]
  2446 | D:3      | Reached XP level 4. HP: 33/33 MP: 4/4
  2528 | D:4      | Noticed a necrophage
  2542 | D:3      | Killed a necrophage
  2543 | D:3      | Reached skill level 4 in Axes
  2543 | D:3      | Reached skill level 1 in Armour
  2682 | D:3      | Noticed Grinder
  2707 | D:3      | Paralysed by Grinder for 4 turns
  2710 | D:3      | Killed from afar by Grinder

Illustrated notes

Levels and vault maps discovered:
D:1:      dpeg_arrival_caged_fury, layout_loops_corners, serial_shops,
          nicolae_shop_waterfront, ebering_ecumenical_altar_rust
D:2:      layout_basic, serial_shops, nicolae_shop_stone,
          kennysheep_pointless_box
D:3:      layout_rooms, serial_aquarium, aquarium_bridge_square
          [aquarium_subvault_window, aquarium_subvault_balcony,
          aquarium_subvault_bridge, aquarium_subvault_wall],
          aquarium_window_fake, aquarium_window_corner, aquarium_window_fake,
          aquarium_window_corridor_3, aquarium_view_2b, aquarium_balcony_5b,
          aquarium_pool_corner, uniq_sigmund, uniq_terence, uniq_grinder
D:4:      layout_loops_ring, nicolae_gozag_seed_capital, grunt_decor_fettered,
          corexii_hall_statues_s, minivault_4, kennysheep_small_spiral

Skill      XL: |  1  2  3  4 |
---------------+-------------+-----
Axes           | 3 4 |  4.1
Dodging        | 3 |  3.2
Armour         | 1 |  1.3
Fighting       | |  2.3
Throwing       | |  1.7
Stealth        | |  0.7

Action                   |  1- 3 |  4- 6 || total
-------------------------+-------+-------++-------
Melee: War axe           |   108 |    13 ||   121
       Punch             |     1 |       ||     1
Throw: Stone             |     1 |       ||     1
  Use: Scroll            |     5 |     1 ||     6
       Potion            |     1 |       ||     1
 Stab: Sleeping          |     1 |       ||     1
Armor: Leather armour    |     5 |       ||     5
       Scale mail        |    51 |     2 ||    53
Dodge: Dodged            |    58 |     5 ||    63
Block: Other             |       |     2 ||     2

Table legend: (Time is in decaauts)
 A = Elapsed time spent in this place.
 B = Non-inter-level travel time spent in this place.
 C = Inter-level travel time spent in this place.
 D = Time resting spent in this place.
 E = Time spent auto-exploring this place.
 F = Levels seen in this place.
 G = Mean time per level.
                   A        B        C        D        E       F      G
               +--------+--------+--------+--------+--------+-----+--------+
         Total |   2751 |   2732 |     19 |     97 |   1663 |   4 |  687.8 |
       Dungeon |   2751 |   2732 |     19 |     97 |   1663 |   4 |  687.8 |
               +--------+--------+--------+--------+--------+-----+--------+

Top non-repeatable levels by time:
     D:1: 1289 daAuts
     D:2: 1131 daAuts
     D:3: 288 daAuts
     D:4: 41 daAuts
